 Dungeon Crawl Stone Soup version 0.24.0-1-gfbc8707 (webtiles) character file.

Game seed: 4654589632365468071, levelgen mode: deterministic

4275 porkupine the Grappler (level 10, -2/82 HPs)
             Began as a Troll Fighter on Nov 1, 2019.
             Was an Elder of Hepliaklqana.
             Shot with an arrow by a centaur (11 damage)
             ... on level 9 of the Dungeon on Nov 2, 2019.
             The game lasted 00:21:43 (4855 turns).

porkupine the Grappler (Troll Fighter)              Turns: 4855, Time: 00:21:44

Health: -2/82      AC:  9    Str: 26 (29) XL:     10   Next: 10%
Magic:  18/18      EV: 11    Int:  3 (4)  God:    Hepliaklqana [****..]
Gold:   579        SH: 10    Dex: 10 (11) Spells: 8/9 levels left

rFire    . . .     SeeInvis .     - Unarmed
rCold    + + .     Gourm    +   b - +0 shield
rNeg     . . .     Faith    .   a - +0 robe
rPois    +         Spirit   .   (helmet restricted)
rElec    +         Reflect  .   u - +2 cloak {MR+}
rCorr    .         Harm     .   (gloves unavailable)
MR       +....                  (boots unavailable)
Stlth    ++........             x - amulet "Citsacyu" {RegenMP rElec rC+ MP+9 Dex+2}
HPRegen  0.63/turn              e - ring of protection from cold
MPRegen  0.41/turn              s - ring of poison resistance

@: very slightly contaminated, invisible
A: large, unfitting armour, reduced essence, claws 3, fast metabolism 3,
gourmand, regeneration 1, shaggy fur 1, tough skin 3
a: Recall Ancestor, Ancestor Identity, Transference, Idealise, Renounce Religion


You were on level 9 of the Dungeon.
You worshipped Hepliaklqana.
Hepliaklqana was greatly pleased with you.
You were very full.

You visited 1 branch of the dungeon, and saw 9 of its levels.

You collected 579 gold pieces.

Inventory:

Missiles
 g - 41 poisoned darts (quivered)
 k - a throwing net
 y - 11 boomerangs
Armour
 a - a +0 robe (worn)
 b - a +0 shield (worn)
 u - a +2 cloak of magic resistance (worn)
Jewellery
 e - a ring of protection from cold (left claw)
 l - an uncursed amulet of the acrobat
 p - an uncursed ring of protection from fire
 s - a ring of poison resistance (right claw)
 w - an uncursed ring of positive energy
 x - the amulet "Citsacyu" (around neck) {RegenMP rElec rC+ MP+9 Dex+2}
   (You found it on level 5 of the Dungeon)

   [amulet of magic regeneration]

   It increases your magic regeneration.
   It affects your dexterity (+2).
   It protects you from cold.
   It insulates you from electricity.
   It affects your magic capacity (+9).
Wands
 A - a wand of paralysis (18)
Scrolls
 f - a scroll of holy word {unknown}
 j - 5 scrolls of identify
 m - a scroll of magic mapping
 o - a scroll of amnesia
 r - a scroll of fear {unknown}
 t - a scroll of teleportation
Potions
 c - a potion of might
 h - a potion of heal wounds
 i - 2 potions of flight
 n - 3 potions of curing
 q - a potion of invisibility
 v - a potion of agility {unknown}
 B - 4 potions of brilliance {unknown}
Comestibles
 d - 17 rations


   Skills:
 + Level 3.9 Fighting
 + Level 6.3 Dodging
 - Level 2.2 Stealth
 + Level 6.1 Shields
 + Level 9.9 Unarmed Combat


You had 8 spell levels left.
You knew the following spells:

 Your Spells              Type           Power        Failure   Level  Hunger
a - Shock                 Conj/Air       #...         75%         1    ##.....

Your spell library contained the following spells:

 Spells                   Type           Power        Failure   Level  Hunger
 Animate Skeleton         Necr           N/A          75%         1    ##.....
 Apportation              Tloc           #.....       75%         1    ##.....
 Confusing Touch          Hex            #.....       75%         1    ##.....
 Summon Small Mammal      Summ           #...         75%         1    ##.....
 Swiftness                Chrm/Air       #.......     86%         2    ###....
 Static Discharge         Conj/Air       #.......     98%         3    ####...
 Airstrike                Air            #.........   100%        4    #####..
 Lightning Bolt           Conj/Air       #.........   100%        5    ######.


Dungeon Overview and Level Annotations

Branches:
Dungeon (9/15)             Temple (0/1) D:5
   Lair: D:8-11         Orc: D:9-12

Altars:
Ashenzari
Cheibriados
Dithmenos
Elyvilon
Hepliaklqana
Makhleb
Nemelex Xobeh
Okawaru
Trog
Vehumet
Xom
Yredelemnul
The Shining One

Shops:
D:4 %


Innate Abilities, Weirdness & Mutations

You are too large for most types of armour.
You have claws for hands.
Your metabolism is lightning-fast.
You like to eat raw meat.
Your natural rate of healing is unusually fast.
You are covered in fur. (AC +1)
You have extremely tough skin. (AC +3)
Your life essence is reduced to manifest your ancestor. (-10% HP)


Message History

You see here an arrow.
The yak bellows!
The centaur shoots an arrow.
You hear a bellow!
A puff of flame appears from out of thin air!
The puff of flame hits you!
* * * LOW HITPOINT WARNING * * *
The centaur shoots an arrow.
A magic dart appears from out of thin air!
The magic dart hits you but does no damage.
The centaur shoots an arrow.
The arrow hits you!
* * * LOW HITPOINT WARNING * * *
You see here an arrow.
A puff of flame appears from out of thin air!
The puff of flame misses you.
A magic dart appears from out of thin air!
An orc wizard appears from thin air!
Reactivating autopickup.
The centaur shoots an arrow.
The arrow hits you!
You die...

.. #..#.c........#
... #.....###.....#
....###.c...#......#
#.......#..#..#...#
#......(#######...#
#..###..#..#..#...#
... #..c...#......#
.. #..#..###.....# .
####..c....@..#
#..#.......#..#
#......#..##<.#
.###....#....#..#
........#....+..#
........#....#..#
.....#..'....#..#
.....#..#....#..#
.######+##'###..#


You could see a centaur.

Vanquished Creatures
  Grinder (D:5)
  2 hippogriffs (D:7)
  2 yaks (D:9)
  A hungry ghost (D:9)
  An orc warrior (D:7)
  A black bear (D:6)
  2 phantoms
  6 ogres
  2 sky beasts
  2 centaurs
  A water moccasin zombie (D:7)
  A scorpion (D:4)
  5 wights (D:7)
  4 killer bees (D:7)
  A bullfrog zombie (D:9)
  2 crimson imps
  A quasit (D:7)
  An orc priest (D:9)
  A jelly (D:9)
  Crazy Yiuf (D:2)
  A bullfrog skeleton (D:7)
  6 orc wizards
  An iguana (D:9)
  3 worker ants
  A hound zombie (D:8)
  A hound skeleton (D:4)
  A worker ant zombie (D:7)
  2 gnolls (D:3)
  7 adders
  A shadow imp (D:6)
  2 oozes
  An adder zombie (D:6)
  An adder skeleton (D:9)
  A dart slug (D:1)
  4 leopard geckos
  15 orcs
  2 ball pythons
  3 giant cockroaches
  6 goblins
  7 hobgoblins (D:1)
  7 jackals
  8 kobolds
  A quokka (D:9)
  5 bats
  5 frilled lizards
  8 rats
138 creatures vanquished.

Vanquished Creatures (collateral kills)
  Prince Ribbit (D:5)
  An ice beast (D:7)
  A black bear (D:6)
  2 sky beasts
  2 killer bees (D:7)
  A hound (D:8)
  A jelly (D:5)
  2 orc wizards (D:5)
  A worker ant (D:4)
  A howler monkey zombie (D:5)
  2 adders
  A gnoll (D:3)
  3 orcs
19 creatures vanquished.

Vanquished Creatures (others)
  2 hexers
  An ancestor (D:3)
3 creatures vanquished.

Grand Total: 160 creatures vanquished

Notes
Turn   | Place    | Note
-------+----------+-------------------------------------------
     0 | D:1      | porkupine the Troll Fighter began the quest for the Orb.
     0 | D:1      | Reached XP level 1. HP: 22/22 MP: 0/0
    45 | D:1      | Reached XP level 2. HP: 29/29 MP: 1/1
   345 | D:1      | Reached XP level 3. HP: 36/36 MP: 2/2
   869 | D:2      | Found an iron altar of Okawaru.
   870 | D:2      | Found a white marble altar of Elyvilon.
   875 | D:2      | Found a glowing golden altar of the Shining One.
   876 | D:2      | Found a hazy altar of Hepliaklqana.
   876 | D:2      | Found a shimmering altar of Xom.
   877 | D:2      | Found a shadowy altar of Dithmenos.
   878 | D:2      | Found a basalt altar of Yredelemnul.
   879 | D:2      | Found a sparkling altar of Nemelex Xobeh.
   880 | D:2      | Found a snail-covered altar of Cheibriados.
   881 | D:2      | Found a burning altar of Makhleb.
   884 | D:2      | Became a worshipper of Hepliaklqana the Forgotten
  1308 | D:2      | Found a runed translucent door.
  1309 | D:2      | Noticed Crazy Yiuf
  1316 | D:2      | Killed Crazy Yiuf
  1316 | D:2      | Reached XP level 4. HP: 39/39 MP: 3/3
  1420 | D:3      | Reached * piety under Hepliaklqana
  1533 | D:3      | Reached skill level 3 in Unarmed Combat
  1771 | D:3      | Found a radiant altar of Vehumet.
  2026 | D:4      | Reached XP level 5. HP: 45/45 MP: 4/4
  2032 | D:4      | Found Zecuruwo's Food Shop.
  2206 | D:4      | Reached ** piety under Hepliaklqana
  2207 | D:4      | Remembered your ancestor Appia as a hexer
  2254 | D:4      | Reached XP level 6. HP: 38/53 MP: 5/5
  2276 | D:4      | Reached skill level 4 in Unarmed Combat
  2478 | D:5      | Entered Level 5 of the Dungeon
  2496 | D:5      | Got a flickering bronze amulet
  2498 | D:5      | Identified the amulet "Citsacyu" {RegenMP rElec rC+ MP+9
                  | Dex+2} (You found it on level 5 of the Dungeon)
  2502 | D:5      | Found a shimmering altar of Xom.
  2510 | D:5      | Found a shimmering altar of Xom.
  2510 | D:5      | Found a shimmering altar of Xom.
  2512 | D:5      | Found a shimmering altar of Xom.
  2512 | D:5      | Found a shimmering altar of Xom.
  2514 | D:5      | Found a shimmering altar of Xom.
  2514 | D:5      | Found a shimmering altar of Xom.
  2531 | D:5      | Reached skill level 1 in Stealth
  2633 | D:5      | Noticed a sky beast
  2646 | D:5      | Killed a sky beast
  2646 | D:5      | Reached XP level 7. HP: 59/59 MP: 6/6
  2691 | D:5      | Noticed Prince Ribbit
  2695 | D:5      | Killed Prince Ribbit
  2695 | D:5      | Reached skill level 5 in Unarmed Combat
  2772 | D:5      | Found a staircase to the Ecumenical Temple.
  2778 | D:5      | Noticed Grinder
  2793 | D:5      | Reached skill level 6 in Unarmed Combat
  2798 | D:5      | Killed Grinder
  2798 | D:5      | Reached XP level 8. HP: 46/67 MP: 7/7
  3214 | D:6      | Found a bloodstained altar of Trog.
  3221 | D:6      | Reached skill level 7 in Unarmed Combat
  3226 | D:6      | Reached skill level 5 in Dodging
  3589 | D:7      | Reached XP level 9. HP: 65/74 MP: 8/8
  3591 | D:7      | Reached skill level 8 in Unarmed Combat
  3651 | D:7      | Reached *** piety under Hepliaklqana
  3662 | D:7      | Reached skill level 5 in Shields
  3798 | D:7      | Learned a level 1 spell: Shock
  3951 | D:7      | Reached skill level 9 in Unarmed Combat
  4344 | D:8      | Found a shattered altar of Ashenzari.
  4724 | D:9      | Reached **** piety under Hepliaklqana
  4780 | D:9      | Reached XP level 10. HP: 70/82 MP: 9/9
  4846 | D:9      | HP: 3/82 [centaur/arrow (15)]
  4855 | D:9      | Shot with an arrow by a centaur

Levels and vault maps discovered:
D:1:      saegor_arrival_simple_b, layout_basic, minmay_misc_feat_room,
          minmay_rat_gold_closets
D:2:      layout_loops_ring, minitemple, uniq_crazy_yiuf_cottage
D:3:      layout_loops_ring, vehumet_crystals
D:4:      layout_cave_pools, serial_shops, nicolae_shop_crystal, first_ration
D:5:      layout_loops_ring, minmay_temple_entry_wispy,
          nicolae_xom_altar_mimics, uniq_prince_ribbit1, uniq_grinder
D:6:      layout_basic, trog_ov_bears_minmay
D:7:      layout_loops_ring
D:8:      layout_rooms, evilmike_ruin_ashenzari, grunt_ogre_cave
D:9:      hangedman_cross_cluster, layout_gridville, hangedman_corner_corridor

Skill      XL: |  1  2  3  4  5  6  7  8  9 |
---------------+----------------------------+-----
Dodging        | 3 4 5 6 |  6.3
Shields        | 3 4 6 |  6.1
Unarmed Combat | 3 4 6 7 9 |  9.9
Stealth        | 1 2 |  2.2
Fighting       | 3 |  3.9

Action                   |  1- 3 |  4- 6 |  7- 9 | 10-12 || total
-------------------------+-------+-------+-------+-------++-------
Melee: Unarmed           |   126 |   121 |   255 |    22 ||   524
Invok: Ancestor Life: He |       |     1 |       |       ||     1
  Use: Scroll            |       |     5 |     8 |       ||    13
       Potion            |       |       |     6 |     1 ||     7
 Stab: Sleeping          |     1 |     2 |     1 |       ||     4
       Distracted        |       |     2 |     1 |       ||     3
       Confused          |       |       |     2 |       ||     2
  Eat: Chunk             |     5 |    20 |    21 |     2 ||    48
       Ration            |     1 |       |       |       ||     1
Armor: Robe              |    49 |    38 |    82 |     4 ||   173
Dodge: Dodged            |    29 |    47 |    97 |     8 ||   181
Block: Shield            |    60 |    36 |   131 |    12 ||   239
